 Dungeon Crawl Stone Soup version 0.19.1 (webtiles) character file.

44 SQman the Skirmisher (level 3, -1/30 HPs)
             Began as a Formicid Abyssal Knight on Dec 4, 2016.
             Was a Believer of Lugonu.
             Slain by Terence
             ... wielding a +0 hand axe
              (2 damage)
             ... on level 3 of the Dungeon.
             The game lasted 00:16:48 (1453 turns).

SQman the Skirmisher (Formicid Abyssal Knight)      Turns: 1453, Time: 00:16:49

Health: -1/30      AC:  6    Str: 17    XL:     3   Next: 87%
Magic:  4/4        EV:  9    Int: 11    God:    Lugonu [**....]
Gold:   57         SH:  0    Dex: 10    Spells: 0 memorised, 2 levels left

rFire  . . .     SeeInvis +     g - -3 whip (curse)
rCold  . . .     Gourm    .     o - +0 scale mail
rNeg   . . .     Faith    .     (no shield)
rPois  .         Spirit   .     (helmet unavailable)
rElec  .         Reflect  .     (no cloak)
rCorr  .         Harm     .     (no gloves)
MR     .....                    (no boots)
Stlth  ..........               (no amulet)
                                m - ring of teleportation (curse)
                                h - ring of wizardry

@: no status effects
A: permanent stasis, dig shafts and tunnels, four strong arms, antennae 3
a: Dig, Shaft Self, Depart the Abyss, Bend Space, Renounce Religion


You were on level 3 of the Dungeon.
You worshipped Lugonu.
Lugonu was pleased with you.
You were not hungry.

You visited 1 branch of the dungeon, and saw 3 of its levels.
You visited the Abyss 1 time.

You collected 57 gold pieces.

Inventory:

Hand Weapons
 a - a +1 mace
 g - a cursed -3 whip (weapon)
 l - a +2 hand axe of freezing
Missiles
 d - 22 stones (quivered)
 e - 21 sling bullets
 i - 19 bolts
Armour
 b - a +0 leather armour
 f - a +0 chain mail
 o - a +0 scale mail (worn)
Jewellery
 h - a ring of wizardry (left hand)
 m - a cursed ring of teleportation (right hand)
Comestibles
 c - 3 bread rations
 j - a meat ration
 k - 3 chunks of flesh
 n - 2 fruits


   Skills:
 + Level 4.1 Fighting
 + Level 2.5 Maces & Flails
 + Level 0.2 Throwing
 + Level 2.9 Armour
 + Level 1.0 Dodging
 + Level 2.1 Invocations


You had 2 spell levels left.
You didn't know any spells.

Dungeon Overview and Level Annotations

Branches:
Dungeon (3/15)

Altars:

Annotations:
D:3 Terence


Innate Abilities, Weirdness & Mutations

You are under a permanent stasis effect.
You can dig through walls and to a lower floor.
Your four strong arms can wield two-handed weapons with a shield.
You have a pair of large antennae on your head. (SInv)


Message History

The jackal bites you but does no damage.
The hobgoblin hits you with a club.
* * * LOW HITPOINT WARNING * * *
The jackal bites you.
* * * LOW HITPOINT WARNING * * *
The bat misses you. Terence hits you with a hand axe.
* * * LOW HITPOINT WARNING * * *
You hit the hobgoblin but do no damage.
The hobgoblin is lightly wounded.
The jackal bites you but does no damage.
The bat closely misses you. The hobgoblin hits you with a club.
* * * LOW HITPOINT WARNING * * *
The jackal bites you but does no damage.
The jackal barely misses you.
You closely miss the hobgoblin.
The hobgoblin is lightly wounded.
The bat barely misses you.
The jackal bites you but does no damage.
Terence hits you with a hand axe.
You die...

## #.##.................รท...
##.##g##...................?.
.##...#.#####..................
........#########.#######......
#.......#...# #.# #......
..........#g# #.### #......
.....)....#g####....# #......
............hh......+ .######
...[.......gw@@g....# ..
..........#..hb.....#
..$.......#..S......#
#.......#.#...#.#+###
..?...........#.#
......#[......#.#
...#.##.......#.. ####.
#......<..#


You could see Terence, 2 gnolls, an adder, a dart slug, 3 jackals, a hobgoblin
and a bat.

Vanquished Creatures
  An adder (D:2)
  2 dart slugs
  A ball python (D:1)
  3 giant cockroaches (D:2)
  4 goblins
  9 hobgoblins
  A jackal (D:3)
  2 bats
  A frilled lizard (D:1)
  2 kobolds (D:2)
  A rat (D:2)
27 creatures vanquished.

Notes
Turn   | Place    | Note
-------+----------+-------------------------------------------
     0 | Abyss:1  | SQman the Formicid Abyssal Knight began the quest for the Orb.
     0 | Abyss:1  | Reached XP level 1. HP: 18/18 MP: 2/2
    18 | Abyss:1  | Found a corrupted altar of Lugonu.
    57 | D:1      | Escaped the Abyss
   238 | D:1      | Reached XP level 2. HP: 24/24 MP: 3/3
   573 | D:1      | You fall through a shaft!
   817 | D:2      | Reached XP level 3. HP: 29/30 MP: 4/4
   844 | D:2      | Reached skill level 4 in Fighting
  1100 | D:2      | Reached skill level 1 in Dodging
  1331 | D:3      | Reached ** piety under Lugonu
  1434 | D:3      | Noticed Terence
  1452 | D:3      | HP: 1/30 [hobgoblin/club (1)]
  1453 | D:3      | Slain by Terence

Skill      XL: |  1  2  3 |
---------------+----------+-----
Fighting       | 4 |  4.1
Dodging        | 1 |  1.0
Maces & Flails | |  2.5
Throwing       | |  0.2
Armour         | |  2.9
Invocations    | |  2.1

Action                   || total
-------------------------++-------
Melee: Mace              ||    20
       Whip              ||   185
Throw: Stone             ||    15
 Abil: Dig               ||     4
  Use: Scroll            ||     5
       Potion            ||     2
  Eat: Chunk             ||     2
Armor: Chain mail        ||   105
       Scale mail        ||    30
Dodge: Dodged            ||   107
